AoeStats
← Vilo41

Hideout

509762094Analyzed
1v1 RM · 5d ago on Sep 27, 2026· 25m 32s· 2 players
Game mode
Random Map
Map size
Tiny (2 player)
Population
200
Speed
Normal
Resources
Standard
Victory
Conquest
Starting age
Dark Age
Ending age
Imperial Age
RankedLock teamsTeams togetherTeam positionsShared explorationLock speedFull tech treeHidden civsTurbo modeCheats
Victory
Defeat
🇳🇴 Malay · Norway
726
+27
🇻🇪 Franks · Venezuela
742
-37
Ciao
8:19 Loom
11:16 Feudal Age
12:26 Wheelbarrow
13:09 Double-Bit Axe
15:39 Man-at-Arms
18:28 Scale Barding Armor
18:36 Forging
19:16 Arson
24:03 Castle Age
22:09 Horse Collar
23:58 Bow Saw
23:52 Heavy Plow
24:33 Long Swordsman
25:21 Crossbowman
Vilo41
10:45 Feudal Age
11:22 Double-Bit Axe
13:08 Wheelbarrow
18:13 Man-at-Arms
Connection lost

Rejoining the realm…

Still unreachable

The connection could not be restored.

Session expired

The server has moved on; the page needs a fresh start.